Map: King's Cove LE

Players

Awers

  • Race: Terran Terran
  • Spawn Location: 5:00

HolyHit - Winner!

  • Race: Protoss Protoss
  • Spawn Location: 11:00

Event: 2019 WCS Summer

VOD

Have the link to the VOD?

Description

Time

  • Played on: July 12, 2019, 9:49 a.m.
  • Length: 13:02

All games in this series

Show
View Real Time Build Order
Export as new Build Order

Awers Terran 

Build Orders: Mech 

Get SALT Encoding   

  12  0:00  SCV  
  13  0:13  SCV  
  14  0:18  Supply Depot  
  14  0:25  SCV  
  15  0:30  Refinery  
  15  0:39  SCV  
  16  0:45  Barracks  
  16  0:51  SCV  
  17  1:04  SCV  
  18  1:16  SCV  
  19  1:33  Orbital Command, Marine  
  19  1:34  Factory  
  19  1:39  Supply Depot  
  20  1:52  Barracks Reactor  
  20  1:58  SCV  
  21  2:12  Command Center  
  21  2:16  SCV  
  22  2:28  SCV  
  23  2:31  Supply Depot  
  23  2:32  Hellion  
  23  2:33  Hellion  
  23  2:36  Refinery  
  27  2:38  Barracks Tech Lab  
  27  2:44  SCV  
  28  2:54  Starport  
  28  2:56  SCV  
  29  3:05  Marine x2  
  31  3:06  Widow Mine  
  31  3:08  SCV  
  33  3:20  SCV  
  34  3:32  Siege Tank, Marine x2, SCV  
  36  3:41  Viking  
  38  3:45  Orbital Command  
  38  3:47  SCV  
  39  3:55  Marine x2  
  39  3:59  SCV  
  39  4:01  Refinery  
  42  4:05  Siege Tank  
  45  4:10  Bunker  
  45  4:13  SCV  
  45  4:15  Starport Tech Lab  
  46  4:18  SCV  
  46  4:22  Supply Depot  
  46  4:23  Marine  
  48  4:25  SCV  
  48  4:30  SCV  
  50  4:32  Marine  
  50  4:37  Raven, SCV  
  54  4:44  Widow Mine, SCV  
  57  4:49  SCV, Supply Depot  
  57  4:51  Marine  
  57  4:52  Marine  
  60  4:56  SCV  
  59  5:02  SCV  
  60  5:08  SCV  
  60  5:10  Siege Tank  
  60  5:11  Supply Depot  
  64  5:15  SCV  
  64  5:21  Command Center  
  65  5:24  SCV  
  65  5:26  Factory  
  66  5:30  SCV  
  66  5:34  Viking  
  69  5:39  SCV  
  68  5:46  Factory  
  68  5:48  SCV  
  72  5:50  Siege Tank  
  72  5:54  SCV  
  73  6:00  Supply Depot  
  73  6:01  SCV  
  73  6:03  Refinery  
  74  6:06  Factory  
  73  6:19  Supply Depot x2  
  73  6:22  SCV x2  
  71  6:33  Viking, Supply Depot  
  71  6:34  Siege Tank, Orbital Command, SCV  
  71  6:36  SCV  
  78  6:41  Hellion  
  78  6:46  Siege Tank, SCV  
  83  6:50  Factory Reactor  
  83  6:52  SCV  
  83  6:53  Armory  
  84  7:00  SCV  
  85  7:03  Orbital Command  
  85  7:07  SCV  
  86  7:10  Siege Tank  
  86  7:11  Hellion x2  
  86  7:12  Starport Reactor  
  86  7:13  SCV  
  94  7:21  SCV  
  95  7:29  Infernal Pre-Igniter  
  93  7:30  SCV  
  93  7:33  SCV x2  
  93  7:42  SCV  
  94  7:45  Siege Tank  
  94  7:46  SCV x2  
  94  7:48  Refinery x2  
  99  7:54  SCV  
  99  7:56  Terran Vehicle Weapons Level 1  
  100  7:58  SCV  
  100  8:00  Hellion  
  100  8:01  SCV, Hellion x2  
  108  8:06  SCV  
  108  8:10  SCV  
  108  8:13  SCV  
  108  8:14  Factory  
  108  8:18  SCV  
  106  8:20  Hellion  
  106  8:21  Thor  
  106  8:23  SCV  
  106  8:25  SCV  
  116  8:30  SCV  
  116  8:33  Hellion x3, Supply Depot x2  
  123  8:35  SCV  
  123  8:37  Liberator x2, SCV  
  123  8:38  Engineering Bay  
  125  8:51  Supply Depot  
  125  8:52  Supply Depot  
  125  8:54  Hellion  
  125  8:55  Siege Tank, Armory, Hellion  
  138  9:08  Factory Tech Lab, Supply Depot  
  138  9:10  Hellion  
  138  9:11  Sensor Tower  
  138  9:13  Hellion  
  138  9:14  Command Center  
  142  9:18  Missile Turret  
  142  9:19  Missile Turret  
  142  9:26  Siege Tank  
  142  9:27  Hellion x2  
  148  9:40  Thor x2  
  148  9:41  Liberator  
  157  9:49  Supply Depot  
  157  9:50  Supply Depot  
  156  10:00  Terran Vehicle And Ship Armor Level 1  
  156  10:02  Hellion x4  
  156  10:05  Hellion x3  
  159  10:17  Thor  
  159  10:19  Terran Vehicle Weapons Level 2  
  165  10:23  Command Center  
  165  10:25  Siege Tank, Hellion x2  
  165  10:26  Hellion  
  166  10:31  SCV x2  
  168  10:42  Thor  
  169  10:52  Starport x2  
  169  10:55  Planetary Fortress  
  168  10:57  SCV x2  
  168  10:58  Refinery x2  
  169  11:05  Missile Turret  
  169  11:07  SCV  
  133  11:19  Siege Tank, Hellion x2  
  133  11:21  Siege Tank, Hellion x2  
  133  11:25  Hellion  
  105  11:38  Starport Tech Lab  
  105  11:39  Starport Tech Lab  
  101  11:41  Hellion  
  101  11:43  SCV x2  
  101  11:46  Siege Tank  
  110  11:47  Hellion  
  110  11:51  Siege Tank  
  113  12:05  Siege Tank, Hellion x2  
  111  12:08  SCV  
  93  12:18  Hellion  
  93  12:21  Hellion  
  88  12:37  Supply Depot  
Show
View Real Time Build Order
Export as new Build Order

HolyHit Protoss - Winner!

Build Orders: 1 Gate Expand, Archon Immortal, Blink Stalkers 

Get SALT Encoding   

  12  0:00  Probe  
  13  0:12  Probe  
  14  0:18  Pylon  
  14  0:24  Probe  
  15  0:32  Probe  
  15  0:37  Gateway  
  15  0:40  Probe  
  16  0:46  Assimilator  
  17  0:51  Probe  
  18  1:03  Probe  
  19  1:15  Probe  
  20  1:25  Cybernetics Core  
  20  1:34  Nexus  
  20  1:37  Probe  
  21  1:44  Pylon  
  21  1:51  Assimilator  
  21  1:55  Probe  
  22  2:01  Stalker  
  22  2:05  Probe  
  25  2:13  Probe  
  25  2:14  Warp Gate  
  24  2:21  Probe  
  25  2:25  Stalker  
  26  2:33  Probe  
  29  2:44  Twilight Council  
  29  2:45  Probe  
  29  2:47  Shield Battery  
  29  2:50  Probe  
  31  2:57  Stalker  
  33  3:00  Probe  
  33  3:03  Probe  
  35  3:12  Probe  
  36  3:15  Probe, Blink  
  37  3:29  Probe x2  
  35  3:37  Probe  
  35  3:41  Probe  
  35  3:45  Probe  
  37  3:49  Robotics Facility  
  37  3:53  Probe  
  37  3:54  Gateway  
  39  3:57  Probe  
  40  4:04  Sentry, Pylon  
  40  4:05  Probe  
  40  4:09  Probe  
  44  4:17  Probe  
  44  4:22  Nexus  
  45  4:25  Probe  
  45  4:28  Pylon  
  46  4:32  Stalker  
  46  4:34  Probe  
  46  4:36  Observer  
  50  4:42  Assimilator  
  50  4:43  Probe  
  50  4:44  Assimilator  
  51  4:51  Stalker  
  51  4:54  Probe  
  51  4:55  Probe  
  51  5:02  Warp Prism  
  51  5:06  Probe  
  54  5:07  Probe  
  54  5:10  Pylon  
  54  5:12  Stalker  
  57  5:16  Charge, Probe  
  57  5:17  Probe  
  59  5:22  Stalker  
  59  5:24  Probe  
  59  5:25  Probe  
  62  5:32  Probe  
  62  5:35  Forge  
  63  5:36  Probe  
  63  5:39  Forge  
  65  5:44  Probe  
  65  5:45  Observer  
  65  5:46  Probe  
  65  5:47  Probe  
  69  5:56  Probe  
  69  5:58  Probe  
  69  6:02  Probe  
  72  6:08  Observer, Probe  
  72  6:10  Probe  
  72  6:14  Probe  
  72  6:16  Protoss Ground Armor Level 1, Protoss Ground Weapons Level 1  
  72  6:18  Gateway  
  73  6:20  Probe  
  73  6:21  Gateway  
  73  6:22  Probe  
  73  6:26  Probe, Warp Prism  
  73  6:32  Probe  
  72  6:34  Assimilator  
  72  6:35  Probe  
  72  6:38  Gateway x2  
  72  6:39  Probe, Zealot x2  
  80  6:44  Probe  
  80  6:45  Pylon  
  81  6:53  Probe x2, Robotics Facility  
  83  6:57  Pylon  
  83  6:59  Immortal  
  83  7:00  Stalker  
  85  7:05  Stalker  
  91  7:10  Pylon  
  91  7:18  Gateway  
  91  7:19  Gateway  
  91  7:21  Gateway  
  91  7:27  Zealot  
  91  7:28  Zealot  
  93  7:31  Probe  
  93  7:32  Assimilator  
  93  7:34  Assimilator  
  94  7:37  Zealot x4  
  96  7:46  Immortal  
  96  7:52  Zealot x2, Templar Archives  
  96  7:53  Probe  
  96  7:55  Probe  
  102  8:06  Immortal  
  106  8:16  Zealot  
  108  8:21  Pylon  
  108  8:23  Protoss Ground Armor Level 2, Protoss Ground Weapons Level 2, Pylon  
  108  8:28  Nexus  
  108  8:29  Pylon  
  108  8:32  Observer  
  108  8:39  Pylon  
  109  8:41  Pylon  
  109  8:42  Zealot x3, Warp Prism  
  109  8:43  Pylon  
  109  8:47  Immortal  
  113  9:03  High Templar x3  
  113  9:04  High Templar x3  
  113  9:08  Photon Cannon  
  121  9:10  Photon Cannon  
  121  9:13  Archon x3, Warp Prism  
  121  9:19  High Templar  
  121  9:20  High Templar  
  121  9:22  Zealot  
  129  9:24  Archon  
  129  9:27  Immortal  
  133  9:32  Pylon  
  133  9:34  Pylon  
  133  9:41  Stalker x3  
  133  9:45  Immortal  
  139  9:56  Stalker x2  
  139  9:57  Immortal  
  151  10:09  Stargate  
  151  10:10  Stargate  
  151  10:11  Photon Cannon  
  151  10:27  Immortal  
  151  10:28  Dark Shrine  
  155  10:38  Stalker  
  155  10:39  Stalker  
  159  10:48  Immortal  
  161  10:56  Pylon  
  161  11:00  Zealot x4  
  161  11:01  Zealot x2  
  169  11:15  Zealot x3  
  145  11:22  Immortal  
  145  11:24  Zealot x2  
  145  11:25  Zealot x2  
  131  11:34  Immortal  
  131  11:36  Zealot x2  
  133  11:45  Dark Templar x3  
  139  11:58  Fleet Beacon  
  137  12:03  Immortal  
  133  12:14  Zealot x6  
  111  12:37  High Templar x3  
  111  12:38  High Templar  
  123  12:48  Dark Templar  
  123  12:50  Zealot x4  
Tags
 
Add a new tag
Caveats
  • Supply blocks, unpowered buildings, or Contaminate may cause inaccurate times.
  • Supply counts are checked every 10 seconds.